 Dungeon Crawl Stone Soup version 0.31-a0-431-g88bdf31460 (webtiles) character file.

Game seed: 11107455622493595956

1724 bobo the Ruffian (level 8, -2/70 HPs)
             Began as a Pale Draconian Shapeshifter on July 31, 2023.
             Was a High Priest of Jiyva.
             Killed from afar by a gargoyle (17 damage)
             ... with a stone arrow
             ... on level 6 of the Dungeon on Aug 1, 2023.
             The game lasted 00:12:21 (3779 turns).

bobo the Ruffian (Pale Draconian Shapeshifter)      Turns: 3779, Time: 00:12:21

Health: -2/70      AC:  6    Str: 20    XL:     8   Next: 75%
Magic:  8/8        EV: 13    Int:  9    God:    Jiyva [*****.]
Gold:   179        SH:  0    Dex: 11    Spells: 7/7 levels left

rFire   . .          .
                       - Unarmed
rCold   . . .        (no shield)
rNeg    . . .        (body armour unavailable)
rPois   .            (helmet currently unavailable)
rElec   .            (cloak currently unavailable)
rCorr   +            (gloves currently unavailable)
SInv    .            (boots currently unavailable)
Will    +++..        (no amulet)
Stlth   +            (no ring)
HPRegen 1.75/turn    (no ring)
MPRegen 0.56/turn

%: no passive effects
@: short of breath, beast-form
A: beast (slay +3), breathe steam, AC +6, unfitting armour, cold-blooded, steam
resistance, strong-willed 3, wild magic 2, pseudopods 3
a: Breathe Steam, Begin Untransformation, Renounce Religion, Oozemancy, Slimify


You were on level 6 of the Dungeon.
You worshipped Jiyva.
Jiyva was extremely pleased with you.
You were a hulking beast.
You visited 1 branch of the dungeon, and saw 6 of its levels.

You collected 179 gold pieces.

Inventory:

Armour
 d - a +0 pair of gloves
 k - a +0 cloak
Jewellery
 g - a ring of magical power
Talismans
 b - a beast talisman (active)
Wands
 j - a wand of iceblast (19)
 m - a wand of flame (18)
Scrolls
 e - a scroll of torment {unknown}
 h - 2 scrolls of silence
 n - a scroll of identify {unknown}
Potions
 a - a potion of lignification
 c - a potion of cancellation {unknown}
 f - 2 potions of curing {unknown}
 i - 2 potions of heal wounds {unknown}
 l - a potion of might {unknown}


   Skills:
 + Level 6.2 Fighting
 + Level 5.3 Dodging
 + Level 6.3 Unarmed Combat
 + Level 5.5 Shapeshifting


You had 7 spell levels left.
You didn't know any spells.
Your spell library contained the following spells:

 Spells                   Type           Power      Damage    Failure   Level
 Summon Small Mammal      Summ           0%         N/A       56%         1
 Sublimation of Blood     Necr           0%         N/A       69%         2
 Call Canine Familiar     Summ           0%         N/A       88%         3
 Summon Guardian Golem    Hex/Summ       0%         N/A       88%         3
 Petrify                  Tmut/Erth      0%         N/A       99%         4
 Irradiate                Conj/Tmut      0%         3d11      100%        5


Dungeon Overview and Level Annotations

Branches:
Dungeon (6/15)
 Temple: D:4-7

Altars:
Jiyva


Innate Abilities, Weirdness & Mutations

You are a hulking beast.
Your limbs bulge with bestial killing power. (Slay +3)
You can breathe blasts of scalding, opaque steam.
Your pale cyan-grey scales are hard. (AC +6)
You cannot fit into any form of body armour.
You are cold-blooded and may be slowed by cold attacks.
You are immune to the effects of steam.
You are extremely strong-willed. (Will+++)
Your spells are harder to cast, but more powerful.
Armour fits poorly on your massive pseudopods.


Message History

The iguana is almost dead.
The iguana is engulfed in a cloud of scalding steam.
You kill the iguana!
The gnoll shouts!
The gnoll is engulfed in a cloud of scalding steam.
The gnoll hits you with a +0 spear.
A gnoll comes into view. It is wielding a +0 spear.
You punch the gnoll!
You kill the gnoll!
The gnoll misses you.
A gargoyle comes into view. It is wielding a +0 flail.
Things that are here:
a +0 spear; a +0 club; a gnoll corpse The gnoll barely misses you.
You hit the gnoll. You bludgeon the gnoll.
The gnoll is almost dead.
The gnoll closely misses you.
You hit the gnoll.
The gnoll is almost dead.
You closely miss the gnoll.
The gnoll is almost dead.
The gnoll closely misses you.
You hit the gnoll.
You kill the gnoll!
The gargoyle completely misses you.
You barely miss the gargoyle.
The gargoyle hurls a stone arrow at you.
The stone arrow hits you!
You hit the gargoyle but do no damage.
The gargoyle hurls a stone arrow at you.
The stone arrow hits you!!
You shudder from the blast and a jelly pops out!
You hit the gargoyle.
The gargoyle is lightly damaged.
The gargoyle hits you with a +0 flail!!
* * * LOW HITPOINT WARNING * * *
You shudder from the blow and a jelly pops out!
The gargoyle hurls a stone arrow at you.
The stone arrow hits you!
You die...

.# ..# #.# .# # ##.#
#.# .###### #.#..# #.#
......# .#..###.#
......# ....##.#
......# ...##.# ......#
#.)##.# ......#
#######..##.# ......#
#.....h).##.# ......#
#........##.# ......#
#....9JJ.##.# ......#
#........##.# ....###
#........##.# .##.#
#.........#.# .##.###
###.......#.#.# ......#
#.........#...#
####..###...#########.#


You could see a gargoyle (ally target), a friendly azure jelly (summoned) and a
friendly rockslime (summoned).

Vanquished Creatures
  Grinder (D:6)
  Edmund (D:6)
  An orc warrior (D:5)
  A bullfrog (D:6)
  2 scorpions (D:5)
  A gnoll sergeant (D:5)
  A howler monkey (D:6)
  A hound (D:4)
  2 orc priests (D:6)
  Crazy Yiuf (D:5)
  2 gnoll boudas
  An iguana (D:6)
  An orc wizard (D:5)
  2 adders
  16 gnolls
  A shadow imp (D:3)
  2 white imps
  4 worms
  A dart slug (D:4)
  13 orcs
  7 goblins
  6 hobgoblins
  7 kobolds
  5 quokkas
  4 ball pythons
  4 bats
  3 frilled lizards
  10 rats
101 creatures vanquished.

Vanquished Creatures (collateral kills)
  A two-headed ogre (D:6)
1 creature vanquished.

Vanquished Creatures (others)
  7 jellies
  2 orc priests (D:6)
  A hound (D:4)
  An iguana (D:5)
  An orc wizard (D:5)
  7 gnolls
  A dart slug (D:5)
  2 endoplasms (D:4)
  7 orcs
  A goblin (D:3)
  2 hobgoblins (D:4)
  2 quokkas
  2 ball pythons (D:4)
  2 bats (D:2)
  3 kobolds
  2 rats (D:3)
43 creatures vanquished.

Grand Total: 145 creatures vanquished

Notes
Turn   | Place    | Note
-------+----------+-------------------------------------------
     0 | D:1      | bobo the Draconian Shapeshifter began the quest for the
                  | Orb.
     0 | D:1      | Reached XP level 1. HP: 16/16 MP: 1/1
   139 | D:1      | Found a faded altar of an unknown god.
   143 | D:1      | Prayed at the altar of an unknown god.
   143 | D:1      | Became a worshipper of Jiyva Jireod the Shapeless
   143 | D:1      | Reached * piety under Jiyva
   302 | D:1      | Reached XP level 2. HP: 23/23 MP: 2/2
   541 | D:2      | Reached XP level 3. HP: 17/29 MP: 3/3
   574 | D:2      | Reached ** piety under Jiyva
  1268 | D:3      | Reached XP level 4. HP: 36/36 MP: 4/4
  1540 | D:3      | Reached *** piety under Jiyva
  1771 | D:3      | Gained mutation: You are strong-willed. (Will+) [Jiyva's
                  | grace]
  1771 | D:3      | Gained mutation: You are highly strong-willed. (Will++)
                  | [Jiyva's grace]
  1771 | D:3      | Gained mutation: You are extremely strong-willed. (Will+++)
                  | [Jiyva's grace]
  1771 | D:3      | Gained mutation: Your spells are a little harder to cast,
                  | but a little more powerful. [Jiyva's grace]
  1884 | D:4      | Noticed an ogre
  2185 | D:4      | Reached **** piety under Jiyva
  2244 | D:4      | Reached XP level 5. HP: 44/44 MP: 5/5
  2489 | D:5      | Entered Level 5 of the Dungeon
  2503 | D:5      | Reached XP level 6. HP: 25/51 MP: 6/6
  2586 | D:5      | Noticed an orc warrior
  2605 | D:5      | Killed an orc warrior
  2855 | D:5      | Your scales start taking on a pale cyan-grey colour.
  2855 | D:5      | Reached XP level 7. HP: 50/59 MP: 7/7
  2855 | D:5      | Gained mutation: You are immune to the effects of steam.
                  | [Pale Draconian growth]
  3069 | D:5      | Reached ***** piety under Jiyva
  3078 | D:5      | Found a runed translucent door.
  3079 | D:5      | Noticed Crazy Yiuf
  3238 | D:5      | Killed Crazy Yiuf
  3436 | D:6      | Reached skill level 5 in Unarmed Combat
  3543 | D:6      | Gained mutation: Armour fits poorly on your pseudopods.
                  | [Jiyva's grace]
  3543 | D:6      | Gained mutation: Armour fits poorly on your large
                  | pseudopods. [Jiyva's grace]
  3543 | D:6      | Gained mutation: Armour fits poorly on your massive
                  | pseudopods. [Jiyva's grace]
  3543 | D:6      | Gained mutation: Your spells are harder to cast, but more
                  | powerful. [Jiyva's grace]
  3557 | D:6      | Noticed a two-headed ogre
  3563 | D:6      | Killed a two-headed ogre
  3564 | D:6      | Reached skill level 5 in Fighting
  3564 | D:6      | Reached skill level 5 in Shapeshifting
  3564 | D:6      | Reached XP level 8. HP: 47/69 MP: 8/8
  3604 | D:6      | Noticed Edmund
  3622 | D:6      | Killed Edmund
  3623 | D:6      | Reached skill level 5 in Dodging
  3685 | D:6      | Noticed Grinder
  3688 | D:6      | Killed Grinder
  3768 | D:6      | Noticed a gargoyle
  3779 | D:6      | Killed from afar by a gargoyle

Illustrated notes

Levels and vault maps discovered:
D:1:      ldierk_walled_garden, layout_basic,
          hellmonk_ecumenical_altar_heavens_door
D:2:      layout_basic
D:3:      layout_loops_cross
D:4:      corexii_shack_village, layout_loops_ring
D:5:      layout_loops_cross, eino_small_chamber_without_monster,
          uniq_crazy_yiuf_cottage
D:6:      layout_basic, uniq_edmund, uniq_grinder

Skill      XL: |  1  2  3  4  5  6  7  8 |
---------------+-------------------------+-----
Dodging        | 2 3 4 5 |  5.3
Fighting       | 2 3 4 5 6 |  6.2
Unarmed Combat | 4 5 6 |  6.3
Shapeshifting  | 4 5 |  5.5

Action                     |  1- 3 |  4- 6 |  7- 9 || total
---------------------------+-------+-------+-------++-------
  Melee: Unarmed           |    98 |   132 |    55 ||   285
         Tailslap          |    15 |    15 |     8 ||    38
         Punch             |     2 |     1 |     1 ||     4
         Pseudopods        |       |       |     6 ||     6
 Invoke: Oozemancy         |       |     1 |       ||     1
Ability: Breathe Steam     |       |       |     7 ||     7
    Use: Scroll            |       |     6 |       ||     6
         Potion            |       |     2 |       ||     2
 Armour: Skin              |    23 |    28 |     3 ||    54
  Dodge: Dodged            |    57 |    77 |    24 ||   158

Table legend: (Time is in decaauts)
 A = Elapsed time spent in this place.
 B = Non-inter-level travel time spent in this place.
 C = Inter-level travel time spent in this place.
 D = Time resting spent in this place.
 E = Time spent auto-exploring this place.
 F = Levels seen in this place.
 G = Mean time per level.
                   A        B        C        D        E       F      G
               +--------+--------+--------+--------+--------+-----+--------+
         Total |   3756 |   3492 |    264 |     31 |   2800 |   6 |  626.0 |
       Dungeon |   3756 |   3492 |    264 |     31 |   2800 |   6 |  626.0 |
               +--------+--------+--------+--------+--------+-----+--------+

Top non-repeatable levels by time:
     D:5: 822 daAuts
     D:2: 753 daAuts
     D:3: 652 daAuts
     D:4: 631 daAuts
     D:6: 455 daAuts
     D:1: 440 daAuts
